[Event "*** Titled Tuesday Blitz"]
[Site "Chess.com"]
[Date "2019.05.07"]
[Round "5"]
[White "ENEASZ"]
[Black "WPWPWP-2015"]
[Result "0-1"]
[WhiteElo "2514"]
[BlackElo "2385"]
[TimeControl "180+2"]
[EndTime "14:11:33 PDT"]
[Termination "WPWPWP-2015 won by resignation"]

1. e4 e5 2. Nf3 Nc6 3. Bc4 Nf6 4.
Ng5 d5 5. exd5 Na5 6. Bb5+ c6 7.
dxc6 bxc6 8. Be2 h6 9. Nf3 e4 10. Ne5 Bc5 11. O-O O-O 12. Nc3 Qd4 13. Ng4 Nxg4 14.
Bxg4 f5 15. Be2 f4 16. d3 f3 17. Nxe4 fxe2 18. Qxe2 Qe5 19. Bd2 Nb7 20. Bc3 Bd4 21. Rae1 Bxc3 22. Nxc3 Qxe2 23. Rxe2 Bg4 24. f3 Bh5 25.
Re6 Rf6 26. Rxf6 gxf6 27. Ne4 Kf7 28. Kf2 Bg6 29. b3 Rd8 30. Ke3 f5 31. Ng3 Re8+ 32. Kd2 Nc5 33. Ne2 Ne6 34. f4 Kf6 35. g3 Bh5 36. Ng1 Rd8 37. Nf3 Bxf3 38. Rxf3 h5 39. b4 Rh8 40. h4 Rg8 41. a4 Ke7 42. Re3 Kf6 43. Kc3 Nc7 44. Kc4 Nd5 45. Rf3 Rb8 46. c3 Rd8 47. d4 Ke6 48. Rf1 Kd6 49. Rf3 Rg8 50. b5 Nf6 51. Kd3 Ne4 52. c4 Nxg3 53.
c5+ Kc7 54. Kc4 Ne4 55. Re3 Rg1 56. Kb4 Rd1 57. Kc4 Rc1+ 58. Kb4 Kd7 59. Re2 Rd1 60. Kc4 Rc1+ 61. Kb4 Rb1+ 62. Kc4 Ra1 63. Kb4 Rxa4+ 64. Kxa4 Nc3+ 65. Ka5 Nxe2 66. d5 cxb5 67. Kxb5 Nxf4 68. c6+ Kd6 69. Ka6 0-1

[Event "*** Titled Tuesday Blitz"]
[Site "Chess.com"]
[Date "2019.05.07"]
[Round "5"]
[White "vovachesss"]
[Black "DrMelekess"]
[Result "0-1"]
[WhiteElo "2525"]
[BlackElo "2768"]
[TimeControl "180+2"]
[EndTime "14:11:49 PDT"]
[Termination "DrMelekess won by resignation"]

1. c4 e5 2. Nc3 Bb4 3. Nd5 Be7 4. Nf3 d6 5. e4 Nf6 6. Nxf6+ Bxf6 7. d4 exd4 8. Nxd4 O-O 9. Be2 Re8 10. f3 Nc6 11.
Be3 Bxd4 12. Bxd4 f5 13. Bc3 fxe4 14. Qd5+ Be6 15. Qxe4 Qg5 16. Kf2 Qc5+ 17. Kf1 Bf5 18. Qd5+ Qxd5 19. cxd5 Ne5 20. Rd1 Re7 21. Kf2 h6 22.
Rhe1 Rae8 23. Bb5 Bd7 24. Bf1 Kf7 25. h3 Ng6 26. Bd3 Rxe1 27. Rxe1 Rxe1 28. Kxe1 Nf4 29. Bf1 Nxd5 30. Bd2 Be6 31. Kf2 Ne7 32. a3 b6 33.
g4 Nc6 34. f4 Bd5 35. Bc3 Ne7 36. h4 c5 37. Bd3 h5 38. gxh5 Be6 39. b4 Bg4 40. bxc5 bxc5 41. h6 gxh6 42. Ba5 Ke6 43. Bd2 Bf5 44. Be2 d5 45. Ba5 Kd6 46. Bd8 d4 47. Bc4 Be6 48. Bd3 c4 49. Be4 c3 50. Ke2 Bc4+ 51. Kd1 d3 52. Ba5 Bb3+ 53. Ke1 d2+ 54. Kf2 d1=Q 55. Bb4+ Kd7 56. Bxc3 Qg4 57.
Be5 Qxh4+ 58. Ke3 Bd5 59. Bd3 Qe1+ 60. Kd4 Bc6 61. Bc4 Nf5+ 62. Kd3 Qe4+ 63. Kc3 Qe3+ 64.
Kb4 Nd6 65. Bb3 a5+ 66. Kxa5 Qc5+ 67. Ka6 Qb5+ 0-1

[Event "*** Titled Tuesday Blitz"]
[Site "Chess.com"]
[Date "2019.05.07"]
[Round "5"]
[White "RojonR"]
[Black "mouseWLZ"]
[Result "1-0"]
[WhiteElo "2430"]
[BlackElo "2591"]
[TimeControl "180+2"]
[EndTime "14:11:52 PDT"]
[Termination "RojonR won by checkmate"]

1. e4 c6 2. d4 d5 3. e5 Bf5 4.
f4 Qb6 5. Nf3 e6 6. Nc3 c5 7.
Na4 Qa5+ 8. c3 cxd4 9. Nxd4 Ne7 10. b4 Qd8 11. Nc5 Qc8 12. Bb5+ Nbc6 13. Qa4 a6 14.
Nxb7 Qxb7 15. Bxc6+ Nxc6 16. Qxc6+ Qxc6 17. Nxc6 Rc8 18. Nd4 Be4 19. Bd2 Bxg2 20. Rg1 Be4 21. a4 Be7 22.
Rxg7 Bg6 23. f5 exf5 24. e6 Bf6 25. exf7+ Bxf7 26. Rg2 Bg6 27. Re2+ Kf7 28. Kf2 Rhe8 29. Rxe8 Kxe8 30. Re1+ Kd7 31. Kf3 Rc4 32. Ke3 Be5 33.
Nf3 Bxc3 34. Bxc3 Rxc3+ 35. Kd4 Rc4+ 36. Kxd5 Bf7+ 37. Ke5 Rxb4 38. Kxf5 Bg6+ 39. Kg5 Be4 40. Ne5+ Kd6 41. Nf7+ Kc5 42. Ne5 Rxa4 43. Nd7+ Kd4 44.
Rxe4+ Kxe4 45. Nc5+ Kf3 46. Nxa4 Kg2 47. h4 Kg3 48. h5 a5 49. h6 Kh3 50. Kf6 Kg4 51. Kg7 Kg5 52. Kxh7 Kf6 53. Kg8 Ke7 54. h7 Kd6 55. h8=Q Kc6 56. Qe5 Kd7 57. Qxa5 Kc6 58.
Qc5+ Kd7 59. Nb6+ Ke6 60. Qc6+ Kf5 61. Nc8 Kg5 62. Kf7 Kf4 63. Qd5 Ke3 64. Ke6 Kf4 65. Qe5+ Kf3 66. Kf5 Kg2 67. Qf4 Kg1 68. Qf3 Kh2 69.
Kg4 Kg1 70. Qe2 Kh1 71. Kg3 Kg1 72. Qg2# 1-0

[Event "*** Titled Tuesday Blitz"]
[Site "Chess.com"]
[Date "2019.05.07"]
[Round "5"]
[White "mjray79"]
[Black "SwamiChaturanga"]
[Result "1/2-1/2"]
[WhiteElo "2122"]
[BlackElo "2077"]
[TimeControl "180+2"]
[EndTime "14:11:53 PDT"]
[Termination "Game drawn - insufficient material"]

1. d4 Nf6 2. c4 g6 3. Nc3 Bg7 4. e4 d6 5. Nge2 h5 6. h4 b6 7. Ng3 Bb7 8. Be2 Nc6 9. Be3 Qd7 10. d5 Ne5 11. f4 Neg4 12. Bd4 c5 13. dxc6 Bxc6 14.
Bxg4 hxg4 15. Nd5 O-O-O 16. Bxb6 Bxd5 17. Bxd8 Bxe4 18. Nxe4 Nxe4 19. Ba5 Ng3 20. Qd5 Qb7 21. Qxb7+ Kxb7 22. Rh2 Kc6 23. O-O-O Ne2+ 24. Kd2 Nxf4 25. b4 g3 26. b5+ Kd7 27. Rhh1 Bh6 28. Kc3 Nxg2 29.
Rdg1 Bg7+ 30. Kb4 Nxh4 31. Rxg3 Be5 32. Rgh3 g5 33. c5 dxc5+ 34. Kxc5 Rc8+ 35. Kb4 Bd6+ 36. Kb3 Rb8 37. a4 Ng6 38. Bb4 Be5 39. Rd3+ Ke6 40. Rg1 f6 41. Rd2 Nf4 42. Rc2 Kf5 43.
Rc5 Ke4 44. Rc4+ Bd4 45. Rd1 e5 46. Bc3 Ne2 47. Bxd4 Nxd4+ 48. Kc3 Rd8 49. a5 Ke3 50. Kb2 Rb8 51. Rb4 Ke2 52. Rc1 Nxb5 53. Rc5 a6 54.
Rc6 Ra8 55. Rxf6 Re8 56. Rg6 e4 57. Rxg5 e3 58. Rgg4 Kf3 59. Rg7 e2 60. Rf7+ Kg2 61. Rg7+ Kf1 62. Rf7+ Ke1 63. Rh4 Re3 64. Rh1+ Kd2 65. Rd7+ Rd3 66. Rxd3+ Kxd3 67. Kb3 Kd2 68. Rh2 Nd4+ 69. Kc4 Nc6 70. Kc5 Nxa5 71. Kb6 Nc4+ 72. Kxa6 Ne5 73. Rxe2+ Kxe2 1/2-1/2

[Event "*** Titled Tuesday Blitz"]
[Site "Chess.com"]
[Date "2019.05.07"]
[Round "5"]
[White "elefante33"]
[Black "nonscitis"]
[Result "0-1"]
[WhiteElo "2553"]
[BlackElo "2575"]
[TimeControl "180+2"]
[EndTime "14:11:58 PDT"]
[Termination "nonscitis won by resignation"]

1. e4 c5 2. Nf3 Nc6 3. Bb5 g6 4. Bxc6 dxc6 5. d3 Bg7 6. h3 Nh6 7. Nc3 b6 8. a3 O-O 9. Be3 f6 10. Qd2 Nf7 11. d4 cxd4 12. Qxd4 Qxd4 13. Nxd4 Bd7 14.
Rd1 Rfd8 15. O-O a6 16. f4 c5 17. Nf3 Bc6 18. Nd2 Nd6 19. Rfe1 Rac8 20. Bf2 Nb5 21.
Nxb5 Bxb5 22. Nf3 Bc6 23. Rxd8+ Rxd8 24. b4 cxb4 25. axb4 b5 26. Bc5 Kf7 27. Nd4 Bb7 28. e5 fxe5 29. fxe5 Rd5 30. Rf1+ Ke8 31. Ne6 Bxe5 32.
Rf8+ Kd7 33. Nd8 Bc8 34. Nf7 Bc7 35. g4 h5 36. gxh5 Rxh5 37. Rh8 Rxh8 38. Nxh8 g5 39.
Nf7 Ke8 40. Nxg5 Bf5 41. c3 Be5 42. Bd4 Bxd4+ 43. cxd4 a5 44. Nf3 a4 45. Nd2 a3 46.
Nb3 Bxh3 47. Kf2 a2 48. Ke3 Be6 49. Na1 Kd7 50. Ke4 Kd6 51. Nc2 Bc4 52. Na1 Ke6 53. Ke3 Kf5 54. Nc2 Kg4 55. Kd2 Kf3 56. Kc3 Ke4 57. Na1 Bd5 58. Nc2 e6 59. Na1 Ke3 60.
Nc2+ Ke2 61. Na1 Kd1 62. Kb2 Kd2 63. Nc2 Kd3 64. Na3 Bc4 65. Nc2 Bd5 66. Na3 Bc6 67.
Nc2 a1=Q+ 68. Kxa1 Kxc2 0-1

[Event "*** Titled Tuesday Blitz"]
[Site "Chess.com"]
[Date "2019.05.07"]
[Round "5"]
[White "MatthewG-p4p"]
[Black "PE-TRO"]
[Result "1/2-1/2"]
[WhiteElo "2697"]
[BlackElo "2796"]
[TimeControl "180+2"]
[EndTime "14:12:25 PDT"]
[Termination "Game drawn - insufficient material"]

1. c4 c5 2. Nc3 Nf6 3. Nf3 g6 4. e3 Bg7 5. d4 cxd4 6. exd4 d5 7.
cxd5 O-O 8. Bc4 Nbd7 9. O-O Nb6 10. Bb3 Nfxd5 11. Re1 Bg4 12. Bg5 h6 13. Bh4 g5 14.
Bg3 Rc8 15. Rc1 e6 16. h3 Bh5 17. Qd3 Bg6 18. Qd2 Nc4 19. Bxc4 Rxc4 20. Ne5 Bxe5 21.
Bxe5 Nf4 22. Re3 b5 23. Nxb5 Qd5 24. Bxf4 gxf4 25. Re5 Rxc1+ 26. Qxc1 Qxa2 27. Qxf4 Qxb2 28. Nd6 Rd8 29. Ra5 Qb6 30. Nc4 Qxd4 31. Qxd4 Rxd4 32. Ne3 Rd7 33. Ng4 Kg7 34. f4 Be4 35. Ne5 Rb7 36. g4 f6 37. Nc4 Bd5 38. Nd6 Rb1+ 39. Kf2 h5 40. gxh5 Kh6 41. Ne8 Rb2+ 42. Kg3 Rb3+ 43.
Kh4 Bg2 44. Nxf6 Rxh3+ 45. Kg4 Rh1 46. Rxa7 Bh3+ 47. Kg3 Bf5 48. Rc7 Rh3+ 49. Kg2 Rh4 50. Kf3 Rh3+ 51. Kf2 Rh2+ 52. Ke3 Rh4 53. Re7 Rh3+ 54.
Kd4 Rf3 55. Ke5 Re3+ 56. Kd6 Rf3 57. Ng8+ Kxh5 58. Ke5 Kg6 59. Ra7 Re3+ 60. Kd6 Re4 61. Ne7+ Kf6 62. Ng8+ Kg6 63. Ne7+ Kh5 64. Ra5 Kg4 65. Ng8 Rxf4 66. Nf6+ Kg5 67. Nd7 Rd4+ 68. Ke7 Rd1 69. Ne5 Rb1 70. Nf7+ Kf4 71. Kf6 Rb4 72. Ne5 Rd4 73. Ra3 Rd8 74. Ra4+ Ke3 75. Nc6 Rf8+ 76. Ke5 Rc8 77. Ra3+ Kd2 78. Nd4 Rc5+ 79.
Kf6 Rd5 80. Nxe6 Bxe6 81. Kxe6 Rd3 82. Rxd3+ Kxd3 1/2-1/2

[Event "*** Titled Tuesday Blitz"]
[Site "Chess.com"]
[Date "2019.05.07"]
[Round "5"]
[White "Matibar"]
[Black "champ2005"]
[Result "0-1"]
[WhiteElo "2735"]
[BlackElo "2894"]
[TimeControl "180+2"]
[EndTime "14:12:35 PDT"]
[Termination "champ2005 won by checkmate"]

1. e4 c6 2. d4 d5 3. exd5 cxd5 4.
Bd3 Nc6 5. c3 Nf6 6. h3 g6 7.
Nf3 Bg7 8. O-O O-O 9. Be3 Bf5 10. Be2 Qb6 11. Qb3 Qc7 12. Nbd2 Rfd8 13. a4 Na5 14. Qa2 Nc6 15. a5 a6 16. Rfc1 Rac8 17.
Nb3 Ne4 18. Nfd2 e5 19. Nxe4 dxe4 20. dxe5 Nxe5 21. Bb6 Qe7 22. Bxd8 Rxd8 23. Rd1 Nd3 24. Bxd3 exd3 25. Nd2 h5 26. Qc4 Bh6 27. Re1 Be6 28. Rad1 Qd7 29. Qh4 Kh8 30. Ne4 d2 31. Re2 Qd3 32.
Rexd2 Bxd2 33. Rxd2 Qb1+ 34. Kh2 Rxd2 35. Nxd2 Qxb2 36.
Qf6+ Kg8 37. Ne4 Qb5 38. Qd8+ Kg7 39. Qd4+ Kf8 40. Qd8+ Kg7 41. Qf6+ Kg8 42. Qd8+ Kg7 43. Qd4+ Kf8 44. Nc5 Qc6 45. Qd8+ Kg7 46. Qd4+ Kf8 47.
f4 Bd5 48. g4 hxg4 49. hxg4 f6 50. Kg3 Bf7 51. Ne4 Ke7 52. Qb4+ Kd7 53. Qd4+ Ke7 54. Qb4+ Kd7 55. Nc5+ Kc8 56. Qd4 Bd5 57. Nd3 Bh1 58. Ne1 Bd5 59. Nd3 Bh1 60. Ne1 Bd5 61. Nd3 Qe6 62. Nc5 Qe1+ 63. Qf2 Qxc3+ 64. Kh4 Qxa5 65. Qe3 Qd8 66. Kg3 Kb8 67. Qd4 Kc8 68.
Qc3 Bc6 69. Nxa6 Qd5 70. Qxf6 bxa6 71. Qxg6 a5 72. f5 Qf3+ 73. Kh4 a4 74. Qg8+ Kc7 75.
Qg7+ Kb6 76. Qd4+ Kb5 77. f6 a3 78. Kg5 Bd5 79. Kg6 a2 80. g5 Qe4+ 81. Qxe4 Bxe4+ 82. Kg7 a1=Q 83. g6 Qg1 84. f7 Qxg6+ 85. Kh8 Qf6+ 86. Kg8 Bd5 87. Kh7 Qxf7+ 88. Kh8 Qg8# 0-1

[Event "*** Titled Tuesday Blitz"]
[Site "Chess.com"]
[Date "2019.05.07"]
[Round "5"]
[White "TheGandhiOfChess"]
[Black "DenishevM"]
[Result "0-1"]
[WhiteElo "2312"]
[BlackElo "2592"]
[TimeControl "180+2"]
[EndTime "14:12:40 PDT"]
[Termination "DenishevM won by resignation"]

1. e4 c6 2. d4 d5 3. e5 Bf5 4. Ne2 e6 5. Ng3 Bg6 6. h4 h6 7. h5 Bh7 8. Bd3 Bxd3 9. cxd3 c5 10. dxc5 Bxc5 11. d4 Bb4+ 12. Kf1 Nc6 13. Qg4 Kf8 14. Be3 Nge7 15. a3 Ba5 16. b4 Bb6 17. Nc3 Qd7 18. Rd1 Rc8 19. Nce2 Rg8 20. f4 Nf5 21. Nxf5 exf5 22. Qh3 f6 23. Ng3 fxe5 24. fxe5 Ke8 25.
Nxf5 Rf8 26. g4 Ne7 27. Kg2 Nxf5 28. gxf5 Rc2+ 29. Rd2 Rxd2+ 30. Bxd2 Qxf5 31. Qxf5 Rxf5 32. Be3 Kd7 33. Rh4 Rf7 34. Rg4 Ke6 35. a4 Bd8 36.
Rg6+ Kf5 37. Kf3 Be7 38. b5 b6 39. Bf2 Bg5 40. Bg3 Rc7 41. e6 Rc3+ 42. Kg2 Bf6 43. Be5 Kxe6 44. Bxf6 gxf6 45. Rg7 Rc4 46. Rxa7 Rxd4 47.
Ra6 Ke5 48. Kf3 Rb4 49. Rxb6 Rxa4 50. Rb8 Rb4 51. Re8+ Kf5 52. Rb8 Rb3+ 53. Ke2 Kf4 54. b6 f5 55. b7 d4 56. Kd2 Kf3 57. Rf8 Rxb7 58. Rxf5+ Ke4 59. Rf6 Rb2+ 60. Kc1 Rh2 61. Rxh6 Kd3 62. Rh8 Kc3 63. Rc8+ Kd3 64. Rh8 Rh1+ 65.
Kb2 Ke2 66. Re8+ Kd2 67. Rh8 d3 68. h6 Kd1 69. h7 d2 70. Kb3 Rh3+ 71. Kb2 Rh4 72.
Kb1 Rh3 73. Kb2 Rh1 74. Kb1 Ke2+ 75. Kb2 d1=Q 76. Re8+ Kf3 77. h8=Q Rxh8 78. Rxh8 Qd4+ 0-1

[Event "*** Titled Tuesday Blitz"]
[Site "Chess.com"]
[Date "2019.05.07"]
[Round "5"]
[White "TregubovP"]
[Black "GMsKoRPioN"]
[Result "0-1"]
[WhiteElo "2527"]
[BlackElo "2594"]
[TimeControl "180+2"]
[EndTime "14:12:55 PDT"]
[Termination "GMsKoRPioN won on time"]

1. d4 d6 2. Nf3 g6 3. c4 Bg7 4.
Nc3 Nf6 5. g3 O-O 6. Bg2 Nc6 7.
O-O e5 8. d5 Nb8 9. e4 a5 10.
Ne1 Nfd7 11. Nd3 Na6 12. f4 f5 13. exf5 gxf5 14. Be3 e4 15. Nf2 Ndc5 16. Qd2 b6 17. Nb5 Nb4 18. Nd4 Nbd3 19. Nxd3 Nxd3 20. g4 Nc5 21.
gxf5 Bxf5 22. Nxf5 Rxf5 23. Bxc5 bxc5 24. Bxe4 Bd4+ 25.
Kh1 Rh5 26. Bf3 Rh4 27. Rae1 Qf6 28. Re4 Rf8 29. Bd1 Kh8 30. Re6 Qf5 31. Bc2 Qh3 32. Qg2 Qxg2+ 33. Kxg2 Rhxf4 34. Rxf4 Rxf4 35. Be4 Rf2+ 36.
Kh3 Rxb2 37. Re7 Be5 38. Rxh7+ Kg8 39. Rxc7 Rxh2+ 40. Kg4 Rxa2 41. Ra7 Rf2 42. Bh7+ Kf8 43. Rxa5 Rf4+ 44. Kg5 Rxc4 45. Ra8+ Ke7 46. Ra7+ Kd8 47. Kf5 Rf4+ 48. Kg5 c4 49. Bf5 c3 50. Rd7+ Ke8 51. Rc7 Rf2 52. Bg6+ Kd8 53. Rc6 Bf6+ 54. Kg4 Be5 55. Bf5 Ke7 56. Kg5 Bf6+ 57. Kg4 Be5 58. Bh7 Kf6 59. Rc8 Rf4+ 60. Kh3 Rf2 61. Kg4 Rg2+ 62.
Kf3 Rg3+ 63. Ke4 Rh3 64. Rc7 Rh4+ 65. Kd3 Rh3+ 66. Ke4 Rh4+ 67. Ke3 Kg5 68. Bc2 Rh2 69.
Be4 Rh3+ 70. Bf3 Rh2 71. Be4 Rb2 72. Rc8 Rd2 73. Rg8+ Kf6 74. Rf8+ Ke7 75. Rc8 Bd4+ 76. Kf3 Bc5 77. Ra8 c2 0-1

[Event "*** Titled Tuesday Blitz"]
[Site "Chess.com"]
[Date "2019.05.07"]
[Round "5"]
[White "pedromartinez91"]
[Black "StephenDedalus83"]
[Result "0-1"]
[WhiteElo "2517"]
[BlackElo "2800"]
[TimeControl "180+2"]
[EndTime "14:13:19 PDT"]
[Termination "StephenDedalus83 won by resignation"]

1. e4 c5 2. Nf3 Nc6 3. Bb5 e6 4. O-O Nge7 5. Re1 Nd4 6. Nxd4 cxd4 7. d3 a6 8. Ba4 Nc6 9. f4 Bc5 10. Nd2 O-O 11. Nf3 d6 12. a3 b5 13. Bb3 Bd7 14. Bd2 Rc8 15. Kh1 h6 16. Qe2 Kh8 17. Qf2 Qf6 18.
Re2 Rce8 19. Rf1 Qg6 20. Ree1 Qh5 21. Rg1 f5 22. exf5 Qxf5 23. Nh4 Qf6 24. Qg3 Ne7 25. Re2 d5 26. Rge1 Bd6 27. Qh3 Bxf4 28. Rf1 Qg5 29. Ref2 Bxd2 30. Rxf8+ Rxf8 31. Rxf8+ Kh7 32. Rf1 Be3 33.
Nf3 Qf6 34. Qh4 Qf8 35. Qh5 Kg8 36. c3 dxc3 37. bxc3 Be8 38. Qg4 Qf5 39. Qxf5 Nxf5 40. g4 Nd6 41. Re1 Bc5 42. Rxe6 Bf7 43. Re1 Bxa3 44.
Ne5 Be6 45. h3 Bb2 46. Ng6 Bf7 47. Ne7+ Kf8 48. Nxd5 Bxd5+ 49. Bxd5 Bxc3 50. Re6 Bb4 51. Kg2 a5 52. Kf3 a4 53. Ke2 a3 54. Kd1 Nf7 55.
Kc2 Ng5 56. Rb6 Nxh3 57. Rxb5 Bd6 58. Rb6 Ke7 59. Rb7+ Kf6 60. Rf7+ Kg6 61. Rd7 Bf8 62. Be4+ Kf6 63. Bd5 Ng5 64. Kb3 Ke5 65. Bc4 Kf4 66.
Rd4+ Kg3 67. Rd8 Bc5 68. Rg8 Bd4 69. Rd8 Bf6 70. Ra8 Bb2 71. Rd8 Kxg4 72. d4 Ne4 73. d5 Nd2+ 74. Ka2 Nxc4 75. d6 Ne5 76. Re8 Kf5 77. Kb3 Kf6 78. Ka2 h5 79. Rh8 Ke6 80.
Rxh5 Kxd6 81. Rg5 g6 82. Rg2 Ke6 83. Kb3 Kf5 84. Ka2 g5 85. Rg1 g4 86. Rg2 Nf3 87.
Kb1 Kf4 88. Ka2 g3 89. Kb3 Nh4 90. Rc2 g2 91. Rc4+ Kg3 92. Rc8 Nf3 93. Rg8+ Kf2 94. Rc8 g1=Q 95. Rc2+ Kg3 96. Ka2 Qa1+ 97. Kb3 Nd4+ 98.
Ka4 Nxc2 0-1

[Event "*** Titled Tuesday Blitz"]
[Site "Chess.com"]
[Date "2019.05.07"]
[Round "5"]
[White "Blitzstream"]
[Black "Yurovskykh_Oleksandr"]
[Result "0-1"]
[WhiteElo "2582"]
[BlackElo "2532"]
[TimeControl "180+2"]
[EndTime "14:13:52 PDT"]
[Termination "Yurovskykh_Oleksandr won by resignation"]

1. d4 d5 2. Bf4 c5 3. e3 Nc6 4. c3 Bf5 5. Nd2 e6 6. Ngf3 Qb6 7. Qb3 c4 8. Qxb6 axb6 9. a3 b5 10. Rc1 h6 11. Be2 Nf6 12. h3 Nd7 13. O-O Nb6 14. Bd1 Na4 15. Bxa4 bxa4 16. Rfe1 Be7 17. e4 Bxe4 18. Nxe4 dxe4 19. Rxe4 Ra5 20. Nd2 b5 21. Rce1 Kd7 22. Nf3 Bf6 23. Ne5+ Bxe5 24.
Bxe5 Rg8 25. Bg3 Ne7 26. Re5 Nd5 27. f3 Ra6 28. Kf2 f6 29. R5e2 h5 30. h4 g6 31.
Bh2 Rh8 32. Bg3 Rc6 33. Bh2 Ke7 34. Bg3 Kf7 35. Bh2 Re8 36. Bg3 Re7 37. Bh2 Rc8 38. Bg3 Rh8 39. Bd6 Ree8 40. Bh2 Rhg8 41. g4 Rh8 42. g5 fxg5 43. hxg5 Re7 44. Be5 Rd8 45. Kg3 Ree8 46. Re4 Ne7 47. Bf6 Nf5+ 48.
Kf2 Rd5 49. R1e2 Nd6 50. Kg3 Nf5+ 51. Kf2 Nd6 52. Kg3 Nc8 53. Be5 Ne7 54. Bf6 Nc6 55. Rf4 Rf5 56. Rfe4 Nb8 57. Re5 Nd7 58. f4 Nb6 59.
Rxf5 exf5 60. Be5 Nd5 61. Kf3 Re6 62. Rh2 Ke7 63. Rh1 Kd7 64. Rh2 Kc6 65. Rh1 Ne7 66. Rd1 Kd5 67. Rh1 Nc8 68. Rg1 Ne7 69. Rh1 Nc6 70. Rg1 Nd8 71. Rh1 Nb7 72. Rg1 Na5 73. Rh1 Nb3 74. Rh2 Nc1 75. Ke3 Nd3 76. Kf3 Re8 77.
Ke3 Re7 78. Kf3 Nc1 79. Rc2 Nb3 80. Kg3 Na5 81. Kh4 Nc6 82. Re2 Re6 83. Kg3 Ne7 84. Kf3 Nc6 85. Rh2 Na5 86. Rc2 Nb3 87. Kg3 Re7 88.
Kh3 Ke4 89. Re2+ Kd3 90. Rg2 Nd2 91. Kg3 Kc2 92. d5 Rd7 93. d6 Kd3 94. Rg1 Ke2 95.
Rg2+ Ke3 96. Bd4+ Kd3 97. Rg1 Ne4+ 98. Kf3 Rxd6 99. Be5 Rd5 100. Rd1+ Nd2+ 101. Kf2 Kc2 102. Re1 Ne4+ 103. Kg2 Rd2+ 104. Kf3 Rd3+ 105. Kg2 Rd2+ 106. Kf3 Kxb2 107. Rxe4 fxe4+ 108. Kxe4 Rf2 109. Ke3 Rg2 110. Kf3 Rg4 0-1

[Event "*** Titled Tuesday Blitz"]
[Site "Chess.com"]
[Date "2019.05.07"]
[Round "5"]
[White "Marcus_Harvey"]
[Black "TastyFrenchFries"]
[Result "1/2-1/2"]
[WhiteElo "2640"]
[BlackElo "2449"]
[TimeControl "180+2"]
[EndTime "14:18:11 PDT"]
[Termination "Game drawn by repetition"]

1. Nf3 Nf6 2. b3 g6 3. Bb2 Bg7 4. e3 d6 5. Be2 O-O 6. d4 Nbd7 7.
O-O b6 8. c4 Bb7 9. Nc3 e6 10.
Qc2 a6 11. Rfd1 c5 12. dxc5 Nxc5 13. b4 Nce4 14. Nxe4 Nxe4 15. Bxg7 Kxg7 16. Nd2 Nxd2 17. Qxd2 Qg5 18. e4 Qxd2 19. Rxd2 Rfd8 20. Rad1 Bxe4 21.
Rxd6 Rxd6 22. Rxd6 Rb8 23. f3 Bb1 24. a3 a5 25.
bxa5 bxa5 26. c5 Rb2 27. Kf1 Rc2 28. c6 Kf6 29. Bb5 Ba2 30. Ke1 Bd5 31. Kd1 Rc5 32.
a4 Ke7 33. Rd7+ Kf6 34. Rc7 h5 35. Kd2 g5 36. Kd3 h4 37. Kd4 Rc2 38. Kd3 Rc5 39. Ke3 Rc2 40. Kd3 Rc1 41. Rc8 Ke7 42. Kd2 Rc5 43.
Ke3 Kd6 44. Rd8+ Ke5 45. Rc8 Kd6 46. Ra8 Bxc6 47. Ra6 f5 48. g3 hxg3 49. hxg3 Kc7 50. Bxc6 Rxc6 51. Rxa5 Rc3+ 52. Ke2 Rc2+ 53. Kf1 Rc1+ 54.
Kf2 Rc2+ 55. Kf1 Rc3 56. Kg2 Rc2+ 57. Kf1 Rc3 58. Kg2 Rc4 59. Ra7+ Kd6 60. a5 Rc2+ 61. Kh3 Rf2 62. Rg7 Rxf3 63. a6 Ra3 64. a7 Ke5 65. Rxg5 Rxa7 66. Rg8 Ra2 67. Rb8 Ra3 68. Rb5+ Kf6 69.
Rb4 Rd3 70. Ra4 Rc3 71. Rb4 Re3 72. Ra4 Kg5 73. Rh4 Re4 74. Rh8 Re3 75. Rg8+ Kf6 76. Kg2 Rd3 77. Rf8+ Kg7 78. Ra8 Kf7 79. Ra7+ Kg6 80.
Ra8 Kf6 81. Rf8+ Ke5 82. Ra8 Ke4 83. Ra4+ Rd4 84. Ra3 Rd2+ 85. Kh3 Ke5 86. Re3+ Kf6 87. Ra3 Kg5 88. Ra5 Re2 89. Rb5 e5 90. Rb8 Kf6 91.
Rb6+ Kg5 92. Rb8 e4 93. Rb6 Rd2 94. Ra6 Re2 95. Rb6 Re1 96. Kg2 Re2+ 97. Kh3 Ra2 98. Re6 Ra1 99. Rb6 Ra2 100. Re6 Rf2 101. Re8 Rf3 102. Kg2 Rd3 103. Re6 Rd2+ 104. Kh3 Rc2 105. Ra6 Rc3 106. Kg2 Rb3 107. Rc6 Rb2+ 108. Kh3 Rf2 109. Re6 Kh5 110. Re5 Kg6 111. Re6+ Kf7 112. Ra6 e3 113. Ra3 e2 114. Re3 Kf6 115. Re8 Kf7 116. Re5 Kf6 117. Re8 Kg5 118. Rg8+ Kh6 119. Re8 Kg7 120. Re6 Kf7 121. Re5 Kf6 122. Re8 Kg6 123. Re6+ Kg5 124. Re8 Kh6 125. Re6+ Kh7 126. Kh4 Kg7 127. Kg5 Kf7 128. Re5 Rg2 129. Kf4 Rf2+ 130. Kg5 Rg2 131. Kf4 Kg6 132. Re6+ Kf7 133. Re5 Rf2+ 134. Kg5 Rf3 135. Kh4 Kf6 136. Rxe2 Rf1 137. Kh3 Kg5 138. Ra2 Rh1+ 139. Kg2 Re1 140. Ra8 Re4 141. Kf3 Rg4 142. Rg8+ Kf6 143. Rxg4 fxg4+ 144. Kf4 Kf7 145. Kf5 Kg7 146. Kg5 Kf7 147. Kh6 Kf6 148. Kh5 Kg7 149. Kxg4 Kg6 150. Kf4 Kf6 151. Kf3 Kf5 152. Kg2 Kg6 153. Kh3 Kh5 154. Kg2 Kg4 155. Kf2 Kg5 156. Kf3 Kf5 157. g4+ Kg6 158. Kg3 Kg5 159. Kf3 Kg6 160. Kf4 Kf6 161. g5+ Kg7 162. Kg4 Kg6 163. Kh4 Kg7 164. Kh5 Kh7 165. Kg4 Kg7 166. Kf4 Kg6 167. Kg4 Kg7 168. Kf5 Kf7 169. Kf4 Kg7 170. Kg4 Kg6 171. Kf4 Kg7 172. Kf5 Kf7 173. g6+ Kg8 174. Kg5 Kg7 175. Kf5 Kg8 176. Ke6 Kg7 177. Kf5 Kg8 178. Kf6 Kf8 179. Kg5 Kg7 180. Kh5 Kg8 181. Kg4 Kg7 182. Kf5 Kg8 183. Ke6 Kg7 184. Kf5 Kg8 1/2-1/2

[Event "*** Titled Tuesday Blitz"]
[Site "Chess.com"]
[Date "2019.05.07"]
[Round "6"]
[White "wonderfultime"]
[Black "Alexander_Moskalenko"]
[Result "1-0"]
[WhiteElo "2948"]
[BlackElo "2865"]
[TimeControl "180+2"]
[EndTime "14:20:04 PDT"]
[Termination "wonderfultime won by resignation"]

1. d4 Nf6 2. Nf3 e6 3. Bf4 b6 4. Nbd2 Bb7 5. e3 c5 6. h3 Be7 7. Bd3 cxd4 8. exd4 O-O 9. O-O d6 10. a4 a6 11. Re1 Nbd7 12. c3 Re8 13. Bh2 Bf8 14.
Qc2 Qc7 15. Ng5 h6 16. Bh7+ 1-0

[Event "*** Titled Tuesday Blitz"]
[Site "Chess.com"]
[Date "2019.05.07"]
[Round "6"]
[White "HouseOfDurin"]
[Black "GremioPrudente"]
[Result "1/2-1/2"]
[WhiteElo "1983"]
[BlackElo "2120"]
[TimeControl "180+2"]
[EndTime "14:20:29 PDT"]
[Termination "Game drawn by agreement"]

1. d4 d5 2. Bg5 c6 3. e3 Qb6 4. b3 Bf5 5. Bd3 Bxd3 6. Qxd3 Nd7 7. Nf3 Ngf6 8. Nbd2 e6 9. O-O h6 10. Bxf6 Nxf6 11.
e4 dxe4 12. Nxe4 Be7 13. c4 O-O 14. Rad1 Rad8 1/2-1/2

[Event "*** Titled Tuesday Blitz"]
[Site "Chess.com"]
[Date "2019.05.07"]
[Round "6"]
[White "checkmatequen"]
[Black "saraswathii"]
[Result "1-0"]
[WhiteElo "2211"]
[BlackElo "2267"]
[TimeControl "180+2"]
[EndTime "14:20:40 PDT"]
[Termination "checkmatequen won by resignation"]

1. e4 c5 2. Nf3 e6 3. d4 cxd4 4.
Nxd4 Nf6 5. Bd3 Nc6 6. Nxc6 bxc6 7. O-O Bc5 8. e5 Nd5 9. Qg4 Kf8 10. a3 d6 11. c4 f5 12. Qg3 Bd4 13. cxd5 Bxe5 14. Bf4 Bxf4 15. Qxf4 cxd5 16. Qg3 Qe7 17. Nc3 Bb7 18. Rfe1 a6 19. Bxf5 1-0

[Event "*** Titled Tuesday Blitz"]
[Site "Chess.com"]
[Date "2019.05.07"]
[Round "6"]
[White "IIIlllII1llIl"]
[Black "Zq1"]
[Result "1-0"]
[WhiteElo "2731"]
[BlackElo "2502"]
[TimeControl "180+2"]
[EndTime "14:21:39 PDT"]
[Termination "IIIlllII1llIl won by resignation"]

1. e4 c5 2. c3 d5 3. exd5 Qxd5 4. d4 Nc6 5. Nf3 Bf5 6. Be2 cxd4 7. cxd4 Bxb1 8.
Rxb1 e6 9. O-O Nf6 10. b4 Bxb4 11. Ne5 Nxe5 12. dxe5 Qxd1 13. Rxd1 Nd5 14. Rxd5 exd5 15.
Rxb4 O-O-O 16. Bf4 h5 17. g4 d4 18. gxh5 d3 19.
Bg4+ Kb8 20. e6+ Ka8 21. Bf3 1-0

[Event "*** Titled Tuesday Blitz"]
[Site "Chess.com"]
[Date "2019.05.07"]
[Round "6"]
[White "Szparu"]
[Black "enriquetejedor"]
[Result "1-0"]
[WhiteElo "2526"]
[BlackElo "2556"]
[TimeControl "180+2"]
[EndTime "14:22:15 PDT"]
[Termination "Szparu won by resignation"]

1. e4 c5 2. Nf3 d6 3. d4 cxd4 4.
Qxd4 a6 5. c4 Nc6 6. Qe3 g6 7. Nc3 Bg7 8. Be2 Nf6 9. h3 O-O 10.
O-O Nd7 11. b3 Nc5 12. Bb2 Bd7 13. Rfd1 Rb8 14. Rac1 Kh8 15. Ba1 Rc8 16. Nd5 Bxa1 17. Rxa1 Kg8 18. e5 Ne6 19. exd6 exd6 20. Nb6 Ncd4 21.
Nxc8 Nxe2+ 22. Qxe2 Qxc8 23. Rxd6 Bc6 24. Qe3 Re8 25. Re1 Qc7 26. c5 Nxc5 27. Rxc6 1-0

[Event "*** Titled Tuesday Blitz"]
[Site "Chess.com"]
[Date "2019.05.07"]
[Round "6"]
[White "Caisachess"]
[Black "tomozupan"]
[Result "1-0"]
[WhiteElo "2339"]
[BlackElo "2272"]
[TimeControl "180+2"]
[EndTime "14:22:16 PDT"]
[Termination "Caisachess won by resignation"]

1. e4 e5 2. Nf3 Nc6 3. Bc4 Bc5 4. O-O Nf6 5. d4 Bxd4 6. Nxd4 Nxd4 7. f4 Nc6 8. fxe5 Nxe5 9. Bb3 d6 10. Bg5 Ned7 11. Nc3 h6 12. Bh4 g5 13. Bg3 Nc5 14. e5 Nxb3 15. axb3 Bg4 16. Qd4 dxe5 17. Qxe5+ Qe7 18. Rxf6 1-0

[Event "*** Titled Tuesday Blitz"]
[Site "Chess.com"]
[Date "2019.05.07"]
[Round "6"]
[White "LarissaSteenbekkers"]
[Black "j_coca"]
[Result "1-0"]
[WhiteElo "1968"]
[BlackElo "1944"]
[TimeControl "180+2"]
[EndTime "14:22:22 PDT"]
[Termination "LarissaSteenbekkers won by resignation"]

1. e4 Nf6 2. e5 Nd5 3. d4 d6 4. Nf3 Bg4 5. Be2 e6 6. h3 Bf5 7. O-O Be7 8. c4 Nb6 9. Nc3 Nc6 10. exd6 cxd6 11. d5 Ne5 12. Nd4 Nexc4 13. Bxc4 Nxc4 14. Qa4+ Kf8 15. Qxc4 Bg6 16. dxe6 Rc8 17. Qb3 Bf6 18. Be3 a6 19. Rad1 b5 20. Nd5 1-0